[ AOE2 MATCH · #504891378 ]
UnrankedChinese vs Japanese
Player's team · LOSS
Rival team · WIN
[ REPLAY ANALYSIS · EXTRACTED FROM THE RECORDED GAME ]
Feudal
9:35
Castle
17:54
Imperial
39:21
| APM avg | 84.7 |
| APM peak | 135 |
| eAPM avg | 45.5 |
| Villagers / military | 274 / 833 |
Focus
⚔️ 60.0% · 🌾 40.0%
Scout Cavalry ×479 · Skirmisher ×174 · Cavalry Archer ×94 · Knight ×28 · Fire Lancer ×28 · Battering Ram ×14
Feudal
13:01
Castle
16:31
Imperial
33:52
| APM avg | 61.5 |
| APM peak | 115 |
| eAPM avg | 42.3 |
| Villagers / military | 332 / 619 |
Focus
⚔️ 49.2% · 🌾 50.8%
Skirmisher ×182 · Spearman ×144 · Cavalry Archer ×86 · Militia ×85 · Samurai ×54 · Monk ×44
Match map
Initial resources + every placement click. Lines = walls · curves = elevation contours. ◆ gold · ⬟ stone · ● berries · ✦ relic · ◌ wall gap
Your base· ✓ Closed at 17:54 · 31t walls · no gate
TAG_MbL_'s base· ✓ Closed at 16:31 · 51t walls · 2 gate(s)
Smoothed initial terrain · ◌ = detected wall gap · hover for details
Inputs per minute
— DS_Gali - - TAG_MbL_
Build order — DS_Gali
First 150 of 1001 actions detected
| 0:02 | Research | Loom |
| 0:41 | Create | Villager (Male) |
| 0:41 | Create | Villager (Male) |
| 1:08 | Create | Villager (Male) |
| 1:30 | Create | Villager (Male) |
| 1:57 | Create | Villager (Male) |
| 2:03 | Build | Lumber Camp |
| 2:23 | Create | Villager (Male) |
| 2:24 | Create | Villager (Male) |
| 2:40 | Create | Villager (Male) |
| 2:41 | Create | Villager (Male) |
| 3:06 | Create | Villager (Male) |
| 3:20 | Build | House |
| 3:21 | Build | House |
| 3:28 | Create | Villager (Male) |
| 3:46 | Create | Villager (Male) |
| 4:00 | Create | Villager (Male) |
| 4:16 | Create | Villager (Male) |
| 4:45 | Create | Villager (Male) |
| 5:03 | Build | House |
| 5:10 | Create | Villager (Male) |
| 5:22 | Build | Mill |
| 5:35 | Create | Villager (Male) |
| 5:38 | Build | Palisade Wall |
| 6:34 | Create | Villager (Male) |
| 6:42 | Build | Palisade Wall |
| 7:00 | Create | Villager (Male) |
| 7:08 | Build | Palisade Wall |
| 7:17 | Build | Palisade Wall |
| 7:24 | Research | Feudal Age |
| 7:30 | Build | House |
| 8:11 | Build | House |
| 8:18 | Build | Farm |
| 8:19 | Build | Farm |
| 8:55 | Build | Barracks |
| 9:21 | Create | Villager (Male) |
| 9:35 | Age | Feudal Age |
| 9:38 | Research | Horse Collar |
| 9:38 | Research | Double-Bit Axe |
| 9:46 | Build | Farm |
| 9:52 | Create | Villager (Male) |
| 10:09 | Build | Farm |
| 10:11 | Build | Farm |
| 10:13 | Build | Farm |
| 10:15 | Create | Villager (Male) |
| 10:18 | Build | House |
| 10:23 | Create | Spearman |
| 10:30 | Build | Farm |
| 10:38 | Build | Farm |
| 10:40 | Create | Villager (Male) |
| 10:51 | Build | House |
| 10:57 | Build | Farm |
| 11:09 | Build | Farm |
| 11:09 | Create | Villager (Male) |
| 11:24 | Build | Farm |
| 11:31 | Build | Farm |
| 11:31 | Create | Villager (Male) |
| 11:59 | Create | Villager (Male) |
| 12:16 | Build | Mining Camp |
| 12:24 | Create | Villager (Male) |
| 12:36 | Build | Farm |
| 12:49 | Create | Villager (Male) |
| 12:57 | Build | House |
| 13:00 | Build | Archery Range |
| 13:15 | Create | Villager (Male) |
| 13:44 | Create | Villager (Male) |
| 13:56 | Build | Blacksmith |
| 14:02 | Create | Villager (Male) |
| 14:35 | Create | Villager (Male) |
| 14:57 | Create | Archer |
| 15:05 | Build | House |
| 15:07 | Build | Farm |
| 15:14 | Research | Castle Age |
| 15:14 | Research | Castle Age |
| 15:46 | Create | Skirmisher |
| 16:05 | Create | Villager (Male) |
| 16:22 | Build | Stable |
| 16:23 | Build | Stable |
| 16:25 | Research | Scale Barding Armor |
| 16:33 | Create | Villager (Male) |
| 16:41 | Research | Gold Mining |
| 17:12 | Build | House |
| 17:21 | Research | Bloodlines |
| 17:30 | Build | Farm |
| 17:40 | Build | House |
| 17:42 | Build | House |
| 17:54 | Age | Castle Age |
| 17:56 | Create | Knight |
| 17:56 | Create | Knight |
| 17:57 | Create | Villager (Male) |
| 17:59 | Build | Siege Workshop |
| 18:03 | Build | House |
| 18:18 | Create | Villager (Male) |
| 18:19 | Create | Knight |
| 18:21 | Create | Knight |
| 18:34 | Create | Iron Pagoda |
| 18:46 | Create | Villager (Male) |
| 18:49 | Create | Fire Lancer |
| 19:01 | Create | Villager (Male) |
| 19:08 | Create | Villager (Male) |
| 19:13 | Create | Villager (Male) |
| 19:17 | Create | Villager (Male) |
| 19:21 | Create | Knight |
| 19:21 | Create | Knight |
| 19:24 | Build | House |
| 19:27 | Create | Villager (Male) |
| 19:31 | Create | Knight |
| 19:31 | Create | Knight |
| 19:34 | Create | Villager (Male) |
| 19:43 | Build | Monastery |
| 19:47 | Create | Knight |
| 19:47 | Create | Knight |
| 19:56 | Create | Villager (Male) |
| 20:03 | Research | Husbandry |
| 20:04 | Create | Villager (Male) |
| 20:09 | Build | House |
| 20:09 | Build | House |
| 20:19 | Build | Outpost |
| 20:21 | Research | Town Watch |
| 20:22 | Create | Villager (Male) |
| 20:25 | Create | Knight |
| 20:25 | Create | Knight |
| 20:29 | Create | Knight |
| 20:36 | Build | Farm |
| 20:36 | Create | Villager (Male) |
| 20:53 | Create | Villager (Male) |
| 20:56 | Build | House |
| 21:06 | Create | Iron Pagoda |
| 21:18 | Create | Villager (Male) |
| 21:34 | Create | Villager (Male) |
| 21:38 | Create | Monk |
| 21:46 | Create | Villager (Male) |
| 21:57 | Create | Knight |
| 21:57 | Create | Knight |
| 22:12 | Create | Villager (Male) |
| 22:21 | Create | Monk |
| 22:23 | Build | House |
| 22:24 | Build | House |
| 22:27 | Build | House |
| 22:36 | Create | Villager (Male) |
| 23:02 | Create | Iron Pagoda |
| 23:12 | Create | Villager (Male) |
| 23:13 | Create | Villager (Male) |
| 23:15 | Build | Farm |
| 23:21 | Create | Villager (Male) |
| 23:50 | Create | Villager (Male) |
| 23:53 | Create | Villager (Male) |
| 23:53 | Create | Villager (Male) |
| 24:05 | Create | Villager (Male) |
| 24:16 | Build | Palisade Gate |
Build order — TAG_MbL_
First 150 of 1275 actions detected
| 0:00 | Create | Villager (Male) ×4 |
| 0:02 | Build | House |
| 0:02 | Build | House |
| 1:13 | Create | Villager (Male) |
| 1:48 | Create | Villager (Male) |
| 1:50 | Build | Lumber Camp |
| 2:13 | Create | Villager (Male) |
| 2:29 | Create | Villager (Male) |
| 2:56 | Build | House |
| 3:02 | Create | Villager (Male) |
| 3:39 | Create | Villager (Male) |
| 3:57 | Build | Mill |
| 4:06 | Create | Villager (Male) |
| 4:26 | Create | Villager (Male) |
| 4:44 | Create | Villager (Male) |
| 4:54 | Create | Villager (Male) |
| 5:27 | Create | Villager (Male) |
| 5:28 | Create | Villager (Male) |
| 5:32 | Build | Barracks |
| 5:34 | Create | Villager (Male) |
| 5:42 | Build | House |
| 5:48 | Create | Villager (Male) |
| 5:53 | Build | House |
| 5:56 | Build | Palisade Wall |
| 5:57 | Build | Palisade Wall |
| 6:02 | Build | Palisade Wall |
| 6:03 | Build | Palisade Wall |
| 6:10 | Create | Villager (Male) |
| 6:23 | Create | Villager (Male) |
| 6:31 | Create | Militia |
| 6:31 | Create | Militia |
| 6:31 | Create | Militia |
| 6:37 | Build | Mill |
| 6:38 | Create | Villager (Male) |
| 6:41 | Create | Militia |
| 6:48 | Build | House |
| 7:18 | Create | Villager (Male) |
| 7:28 | Build | Palisade Wall |
| 7:30 | Build | Palisade Wall |
| 7:31 | Build | Palisade Wall |
| 7:34 | Build | Palisade Wall |
| 7:36 | Create | Villager (Male) |
| 7:50 | Create | Villager (Male) |
| 7:57 | Build | Palisade Wall |
| 8:07 | Create | Villager (Male) |
| 8:17 | Build | Lumber Camp |
| 8:17 | Create | Villager (Male) |
| 8:23 | Create | Villager (Male) |
| 8:46 | Create | Villager (Male) |
| 8:53 | Build | Farm |
| 9:13 | Build | Farm |
| 9:31 | Build | Palisade Wall |
| 9:34 | Build | Palisade Gate |
| 9:46 | Build | Mining Camp |
| 10:00 | Build | Farm |
| 10:24 | Build | Farm |
| 10:26 | Create | Villager (Male) |
| 10:35 | Build | Farm |
| 10:38 | Research | Feudal Age |
| 10:39 | Research | Feudal Age |
| 10:52 | Build | Farm |
| 11:17 | Build | Farm |
| 11:19 | Build | Farm |
| 11:34 | Create | Villager (Male) |
| 12:22 | Research | Loom |
| 13:01 | Age | Feudal Age |
| 13:02 | Build | Blacksmith |
| 13:04 | Build | Stable |
| 13:10 | Build | Farm |
| 13:30 | Create | Spearman |
| 13:45 | Build | Farm |
| 13:51 | Research | Castle Age |
| 13:51 | Research | Castle Age |
| 14:03 | Build | Palisade Gate |
| 14:16 | Build | House |
| 14:16 | Build | House |
| 14:56 | Build | Stable |
| 14:57 | Research | Scale Barding Armor |
| 15:02 | Research | Double-Bit Axe |
| 16:06 | Research | Horse Collar |
| 16:09 | Create | Villager (Male) |
| 16:31 | Age | Castle Age |
| 16:32 | Create | Knight |
| 16:32 | Create | Knight |
| 16:35 | Build | Siege Workshop |
| 16:53 | Create | Villager (Male) |
| 16:56 | Create | Knight |
| 16:56 | Create | Knight |
| 17:14 | Create | Battering Ram |
| 17:16 | Build | House |
| 17:29 | Create | Villager (Male) |
| 17:30 | Create | Villager (Male) |
| 17:32 | Create | Knight |
| 17:42 | Create | Mangonel |
| 17:43 | Create | Mangonel |
| 18:01 | Create | Villager (Male) |
| 18:02 | Create | Spearman |
| 18:03 | Create | Spearman |
| 18:09 | Create | Villager (Male) |
| 18:22 | Build | Monastery |
| 18:26 | Create | Villager (Male) |
| 18:28 | Build | Farm |
| 18:31 | Research | Bow Saw |
| 18:39 | Build | Palisade Wall |
| 18:40 | Build | Palisade Wall |
| 18:41 | Build | Palisade Wall |
| 18:49 | Create | Villager (Male) |
| 19:03 | Build | Monastery |
| 19:04 | Create | Villager (Male) |
| 19:19 | Create | Monk |
| 19:32 | Create | Villager (Male) |
| 19:32 | Create | Villager (Male) |
| 19:33 | Build | Farm |
| 19:33 | Build | Farm |
| 19:47 | Create | Monk |
| 19:49 | Build | House |
| 19:55 | Build | Farm |
| 19:55 | Build | Farm |
| 19:58 | Research | Redemption |
| 19:58 | Research | Redemption |
| 20:00 | Create | Villager (Male) |
| 20:04 | Create | Villager (Male) |
| 20:34 | Build | Farm |
| 20:35 | Create | Villager (Male) |
| 20:35 | Build | Farm |
| 20:54 | Research | Sanctity |
| 20:54 | Research | Sanctity |
| 20:55 | Create | Villager (Male) |
| 20:56 | Build | Farm |
| 20:59 | Create | Villager (Male) |
| 21:16 | Build | Town Center |
| 21:28 | Create | Monk |
| 21:28 | Create | Monk |
| 21:38 | Create | Villager (Male) |
| 21:38 | Create | Villager (Male) |
| 21:39 | Build | Farm |
| 22:03 | Create | Monk |
| 22:03 | Create | Monk |
| 22:04 | Create | Villager (Male) |
| 22:07 | Create | Villager (Male) |
| 22:18 | Build | House |
| 22:20 | Build | House |
| 22:21 | Build | Palisade Wall |
| 22:24 | Build | House |
| 22:39 | Create | Knight |
| 22:39 | Create | Knight |
| 22:39 | Create | Knight |
| 22:58 | Create | Monk |
| 22:58 | Create | Villager (Male) |
| 23:00 | Build | Farm |
Match timeline
| 5:32 | TAG_MbL_ · first_building Barracks |
| 5:38 | DS_Gali · wall_segment Palisade Wall x13 |
| 5:56 | TAG_MbL_ · wall_segment Palisade Wall x4 |
| 5:57 | TAG_MbL_ · wall_segment Palisade Wall x8 |
| 6:02 | TAG_MbL_ · wall_segment Palisade Wall x5 |
| 6:03 | TAG_MbL_ · wall_segment Palisade Wall x3 |
| 6:42 | DS_Gali · wall_segment Palisade Wall x1 |
| 7:08 | DS_Gali · wall_segment Palisade Wall x7 |
| 7:17 | DS_Gali · wall_segment Palisade Wall x10 |
| 7:28 | TAG_MbL_ · wall_segment Palisade Wall x5 |
| 7:30 | TAG_MbL_ · wall_segment Palisade Wall x5 |
| 7:31 | TAG_MbL_ · wall_segment Palisade Wall x7 |
| 7:34 | TAG_MbL_ · wall_segment Palisade Wall x6 |
| 7:57 | TAG_MbL_ · wall_segment Palisade Wall x7 |
| 8:55 | DS_Gali · first_building Barracks |
| 9:31 | TAG_MbL_ · wall_segment Palisade Wall x3 |
| 9:35 | DS_Gali · age_up feudal |
| 13:00 | DS_Gali · first_building Archery Range |
| 13:01 | TAG_MbL_ · age_up feudal |
| 13:04 | TAG_MbL_ · first_building Stable |
| 16:22 | DS_Gali · first_building Stable |
| 16:31 | TAG_MbL_ · age_up castle |
| 16:35 | TAG_MbL_ · first_building Siege Workshop |
| 17:54 | DS_Gali · age_up castle |
| 17:59 | DS_Gali · first_building Siege Workshop |
| 18:22 | TAG_MbL_ · first_building Monastery |
| 18:39 | TAG_MbL_ · wall_segment Palisade Wall x1 |
| 18:40 | TAG_MbL_ · wall_segment Palisade Wall x1 |
| 18:41 | TAG_MbL_ · wall_segment Palisade Wall x1 |
| 19:43 | DS_Gali · first_building Monastery |
| 22:21 | TAG_MbL_ · wall_segment Palisade Wall x1 |
| 23:46 | TAG_MbL_ · wall_segment Palisade Wall x1 |
| 23:48 | TAG_MbL_ · wall_segment Palisade Wall x1 |
| 25:38 | DS_Gali · first_market_buy 100 food |
| 29:58 | TAG_MbL_ · first_market_buy 100 stone |
| 30:07 | TAG_MbL_ · first_building Castle |
| 30:28 | TAG_MbL_ · wall_segment Stone Wall x1 |
| 30:29 | TAG_MbL_ · wall_segment Stone Wall x1 |
| 30:37 | TAG_MbL_ · wall_segment Palisade Wall x1 |
| 30:47 | TAG_MbL_ · first_market_sell 500 wood |
| 32:01 | DS_Gali · first_market_sell 100 food |
| 33:52 | TAG_MbL_ · age_up imperial |
| 35:42 | DS_Gali · first_building Castle |
| 38:47 | TAG_MbL_ · wall_segment Stone Wall x1 |
| 39:21 | DS_Gali · age_up imperial |
| 46:02 | TAG_MbL_ · first_building Archery Range |
| 80:15 | DS_Gali · resign |
[ AI ANALYSIS · 1 CREDIT ]
What really happened in this match?
Wolo.gg analyzes every decision: build order, eco, micro, common mistakes by bracket. Personalized analysis on WhatsApp or Discord in 30 seconds.
Civ guide
Chinese
Perfil
Jugador #5232543